 Seeded DCSS version 0.31-a0-369-g8eba5f6939 (webtiles) character file.

Game seed: 18070899122180095218 (custom seed)

405 GilGalad the Ducker (level 6, -1/49 HPs)
             Began as a Merfolk Gladiator on July 29, 2023.
             Was an Initiate of Gozag.
             Slain by a lemure (4 damage)
             ... led by Pikel
             ... on level 4 of the Dungeon.
             The game lasted 00:06:47 (2954 turns).

GilGalad the Ducker (Merfolk Gladiator)             Turns: 2954, Time: 00:06:48

Health: -1/49      AC:  4    Str: 14    XL:     6   Next: 87%
Magic:  6/6        EV: 15    Int:  8    God:    Gozag
Gold:   580        SH:  0    Dex: 20    Spells: 5/5 levels left

rFire   . . .        r - +8 morningstar of the Endless March {heavy, Dex+3 Stlth+}
rCold   . . .        (no shield)
rNeg    . . .        b - +0 leather armour
rPois   .            c - +0 helmet
rElec   .            (no cloak)
rCorr   .            (no gloves)
SInv    .            (no boots)
Will    +....        (no amulet)
Stlth   +++          (no ring)
HPRegen 0.28/turn    (no ring)
MPRegen 0.10/turn

%: no passive effects
@: enlightened, flying
A: (nimble swimmer 2), mertail
a: Renounce Religion, Potion Petition, Call Merchant, Bribe Branch


You were on level 4 of the Dungeon.
You worshipped Gozag.
Gozag was pleased with you.
You visited 1 branch of the dungeon, and saw 5 of its levels.

You collected 603 gold pieces.
You paid 23 gold pieces to Gozag.

Inventory:

Hand Weapons
 o - a +2 vampiric short sword
 r - the +8 morningstar of the Endless March (weapon) {heavy, Dex+3 Stlth+}
   (You found it on level 2 of the Dungeon)

   Dex:       It affects your dexterity (+3).
   Stlth:     It makes you more stealthy.
Missiles
 d - 3 throwing nets (quivered)
 e - a javelin
 u - 6 poisoned darts
Armour
 b - a +0 leather armour (worn)
 c - a +0 helmet (worn)
Jewellery
 f - a +6 ring of dexterity
Wands
 x - a wand of roots (9)
 y - a wand of quicksilver (5)
 A - a wand of charming (12)
Scrolls
 g - 2 scrolls of immolation {unknown}
 i - a scroll of fog {unknown}
 k - a scroll of silence {unknown}
 l - a scroll of brand weapon {unknown}
 m - a scroll of identify {unknown}
 p - 2 scrolls of enchant armour {unknown}
 t - 2 scrolls of teleportation {unknown}
 z - a scroll of poison {unknown}
 B - a scroll of amnesia {unknown}
 C - a scroll of revelation {unknown}
 D - a scroll of blinking {unknown}
Potions
 a - a potion of haste {unknown}
 h - a potion of heal wounds {unknown}
 j - 2 potions of enlightenment
 n - a potion of brilliance {unknown}
 q - a potion of mutation {unknown}
 s - a potion of attraction {unknown}
 w - a potion of ambrosia {unknown}


   Skills:
 + Level 4.3 Fighting
 + Level 5.4 Long Blades
 - Level 2.5 Throwing
 + Level 5.9 Dodging
 + Level 3.1 Stealth


You had 5 spell levels left.
You didn't know any spells.
Your spell library contained the following spells:

 Spells                   Type           Power      Damage    Failure   Level
 Blink                    Tloc           0%         N/A       63%         2
 Lesser Beckoning         Tloc           0%         N/A       63%         2
 Static Discharge         Conj/Air       0%         2-2/arc   63%         2
 Gell's Gravitas          Tloc           0%         N/A       86%         3
 Teleport Other           Tloc           0%         N/A       86%         3
 Airstrike                Air            0%         2d(0-16)  99%         4
 Manifold Assault         Tloc           0%         N/A       99%         4
 Summon Lightning Spire   Summ/Air       0%         N/A       99%         4
 Haunt                    Necr/Summ      0%         N/A       100%        7
 Infestation              Necr           0%         N/A       100%        8
 Animate Dead             Necr           Unusable   N/A       N/A         4

Dungeon Overview and Level Annotations

Branches:
Dungeon (5/15)
 Temple: D:4-7

Altars:
Gozag
Nemelex Xobeh
Zin

Annotations:
D:4 Pikel


Innate Abilities, Weirdness & Mutations

((You are very nimble when in or above water. (Stealth+, EV+, Speed+++)))
Your lower body shifts to a powerful aquatic tail in water.


Message History

The lemure hits you.
* * * LOW HITPOINT WARNING * * *
The lemure misses you. The lemure closely misses you.
The lemure hits you but does no damage.
You impale the lemure!!
The lemure is almost dead.
The lemure closely misses you. The lemure hits you.
* * * LOW HITPOINT WARNING * * *
The lemure closely misses you. x2
It was a potion of enlightenment.
You feel very buoyant.
You fly up into the air.
The lemure barely misses you. The lemure misses you.
It was a potion of curing.
You feel better. The lemure hits you. The lemure closely misses you.
You closely miss the lemure.
The lemure is almost dead.
The lemure hits you!
* * * LOW HITPOINT WARNING * * *
The lemure hits you but does no damage. The lemure misses you.
The lemure hits you.
* * * LOW HITPOINT WARNING * * *
You bludgeon the lemure!!
You kill the lemure!
That felt strangely unrewarding.
The lemure barely misses you. The lemure hits you.
* * * LOW HITPOINT WARNING * * *
You feel better. The lemure closely misses you.
You completely miss the lemure. The lemure hits you.
* * * LOW HITPOINT WARNING * * *
The lemure barely misses you.
You barely miss the lemure. The lemure hits you.
* * * LOW HITPOINT WARNING * * *
The lemure hits you.
* * * LOW HITPOINT WARNING * * *
The lemure hits you but does no damage.
Okay, then.
The lemure attacks as you move away! The lemure closely misses you.
The lemure attacks as you move away! The lemure hits you.
You die...
Your body crumbles into a pile of gold.

#.....# #.....# +.....#
#.....# #.....#
#########.....##########
..................#..##.
..................#.....
.......@5.........+.....
..................##'##.
####+###+#######......#.
#......#5 #......#.
#......#. #......#.
$#......#. #......#.


You could see a lemure.

Vanquished Creatures
  A water moccasin (D:3)
  2 lemures (D:4)
  A scorpion (D:5)
  A hound (D:3)
  2 iguanas
  4 gnolls (D:5)
  3 adders
  A shadow imp (D:5)
  A worm (D:3)
  A dart slug (D:2)
  5 orcs (D:3)
  3 ball pythons (D:3)
  6 endoplasms
  5 giant cockroaches
  6 goblins
  11 hobgoblins
  A jackal (D:3)
  8 kobolds
  4 quokkas
  4 bats
  3 frilled lizards (D:1)
  7 rats
80 creatures vanquished.

Notes
Turn   | Place    | Note
-------+----------+-------------------------------------------
     0 | D:1      | GilGalad the Merfolk Gladiator began the quest for the Orb.
     0 | D:1      | Reached XP level 1. HP: 16/16 MP: 1/1
   208 | D:1      | Reached XP level 2. HP: 23/23 MP: 2/2
   549 | D:1      | Reached XP level 3. HP: 25/28 MP: 3/3
   876 | D:2      | Found an opulent altar of Gozag.
   881 | D:2      | Became a worshipper of Gozag Ym Sagoz the Greedy
  1087 | D:2      | Identified the +8 morningstar of the Endless March {heavy,
                  | Dex+3 Stlth+}
  1369 | D:2      | Identified the +1 robe of Sif Muna's Grace {+Inv rPois
                  | Str-3 Stlth+}
  1476 | D:3      | Noticed a water moccasin
  1479 | D:3      | Killed a water moccasin
  1480 | D:3      | Reached skill level 5 in Dodging
  1480 | D:3      | Reached skill level 1 in Stealth
  1480 | D:3      | Reached XP level 4. HP: 17/35 MP: 4/4
  1480 | D:3      | Reached XP level 5. HP: 20/41 MP: 5/5
  1875 | D:3      | Found a sparkling altar of Nemelex Xobeh.
  1876 | D:3      | Found a glowing silver altar of Zin.
  1877 | D:3      | Found a transporter.
  1901 | D:3      | Found a transporter.
  2192 | D:3      | Reached skill level 5 in Long Blades
  2192 | D:3      | Reached XP level 6. HP: 12/48 MP: 6/6
  2361 | D:4      | You fall into a shaft and drop 1 floor!
  2361 | D:5      | Entered Level 5 of the Dungeon
  2896 | D:4      | Noticed Pikel
  2947 | D:4      | HP: 1/49 [lemure[Pikel] (4)]
  2954 | D:4      | Slain by a lemure

Illustrated notes

Levels and vault maps discovered:
D:1:      dpeg_arrival_orchard, layout_loops_corners, minmay_statues_item
D:2:      minmay_general_purpose_star, layout_basic, basic_altar,
          minmay_misc_feat_encased
D:3:      cheibrodos_helix_gallery, layout_rooms,
          gammafunk_temple_overflow_arena, serial_curves, eino_curves_02,
          eino_curves_01, eino_curves_02
D:4:      layout_gridville, uniq_pikel
D:5:      layout_loops_ring, minmay_holes, grunt_ministairs_4, st_stairs_9

Skill      XL: |  1  2  3  4  5  6 |
---------------+-------------------+-----
Long Blades    | 4 5 |  5.4
Fighting       | 3 4 |  4.3
Dodging        | 5 |  5.9
Stealth        | 1 2 3 |  3.1
Throwing       | |  2.5

Action                     |  1- 3 |  4- 6 || total
---------------------------+-------+-------++-------
  Melee: Spear             |    43 |       ||    43
         Long sword        |    43 |       ||    43
         Morningstar       |    13 |    86 ||    99
         Short sword       |    13 |       ||    13
         Punch             |       |     1 ||     1
    Use: Potion            |       |     3 ||     3
   Stab: Sleeping          |     5 |     7 ||    12
         Distracted        |       |     1 ||     1
 Armour: Leather armour    |    38 |    28 ||    66
  Dodge: Dodged            |    71 |   145 ||   216

Table legend: (Time is in decaauts)
 A = Elapsed time spent in this place.
 B = Non-inter-level travel time spent in this place.
 C = Inter-level travel time spent in this place.
 D = Time resting spent in this place.
 E = Time spent auto-exploring this place.
 F = Levels seen in this place.
 G = Mean time per level.
                   A        B        C        D        E       F      G
               +--------+--------+--------+--------+--------+-----+--------+
         Total |   3085 |   2993 |     92 |     10 |   2151 |   5 |  617.0 |
       Dungeon |   3085 |   2993 |     92 |     10 |   2151 |   5 |  617.0 |
               +--------+--------+--------+--------+--------+-----+--------+

Top non-repeatable levels by time:
     D:3: 886 daAuts
     D:1: 858 daAuts
     D:2: 697 daAuts
     D:5: 440 daAuts
     D:4: 202 daAuts
